 Dungeon Sprint DCSS version 0.22.2-1-ge965b3a (webtiles) character file.

6400000 Fang the Conqueror (level 27, -49/338 (341) HPs)
             Began as a Demonspawn Gladiator on June 5, 2019.
             Was the Champion of Makhleb.
             Annihilated by a meat berserker
             ... wielding a +9 battleaxe
              (66 damage)
             ... in the Dungeon (Sprint VIII: "Arena of Blood").
             The game lasted 00:01:26 (64 turns).

Fang the Conqueror (Demonspawn Gladiator)             Turns: 64, Time: 00:01:26

HP:   -49/338 (341) AC: 11    Str: 25    XL:     27
MP:   0/54          EV: 32    Int: 11    God:    Makhleb [******]
Gold: 0             SH:  0    Dex: 16    Spells: 80/80 levels left

rFire    + . .     SeeInvis .   l - +∞ Axe of Woe
rCold    . . .     Gourm    .   (shield currently unavailable)
rNeg     . . .     Faith    .   b - +0 leather armour
rPois    .         Spirit   +   c - +0 helmet
rElec    .         Reflect  .   (no cloak)
rCorr    .         Harm     .   (no gloves)
MR       ++...     NoTele   +   (boots unavailable)
Stlth    +++++++++.             (no amulet)
HPRegen  0.66/turn              (no ring)
MPRegen  0.68/turn              (no ring)

@: no status effects
A: hooves 3, rugged brown scales 3, fire resistance 1, ignite blood, robust 3,
magic shield, magic regeneration, magic link, flame cloud immunity
a: Minor Destruction, Lesser Servant of Makhleb, Major Destruction, Greater
Servant of Makhleb, Renounce Religion


You were in the Dungeon.
You worshipped Makhleb.
Makhleb was exalted by your worship.
You were not hungry.

You visited 1 branch

Inventory:

Hand Weapons
 a - a +0 war axe
 l - the +∞ Axe of Woe (weapon)
   (You found it in the Dungeon)
Missiles
 d - 3 throwing nets (quivered)
Armour
 b - a +0 leather armour (worn)
 c - a +0 helmet (worn)
Scrolls
 k - a scroll of blinking
Potions
 e - a potion of curing
 g - a potion of heal wounds
 h - a potion of haste
 i - 2 potions of magic
 j - a potion of berserk rage
Comestibles
 f - a ration


   Skills:
 O Level 27 Fighting
 O Level 27 Axes
 O Level 27 Throwing
 O Level 27 Armour
 O Level 27 Dodging
 O Level 27 Stealth
 O Level 27 Unarmed Combat
 O Level 27 Spellcasting
 O Level 27 Invocations


You had 80 spell levels left.
You didn't know any spells.
Your spell library was empty.

Dungeon Overview and Level Annotations

Branches:
Dungeon (1/1)

Altars:
Makhleb


Innate Abilities, Weirdness & Mutations

You have hooves in place of feet.
You are completely covered in rugged brown scales. (AC +3, +7% HP)
Your flesh is heat resistant. (rF+)
Your demonic aura causes spilled blood to erupt in flames.
You are extremely robust. (+30% HP)
When hurt, damage is shared between your health and your magic reserves.
You regenerate magic rapidly.
When low on magic, you restore magic in place of health.
You are immune to clouds of flame.


Message History

You hear a shout!
The destroyer blinks!
You hear a shout! x2
The bag of meat is engulfed in blazing flames.
A bag of meat comes into view. It is wielding a +9 war axe.
You hear a shout!
The eight-headed meat hydra calls on the powers of darkness!
The eight-headed meat hydra convulses!
The bag of meat convulses! x3
The meat berserker convulses!
Your body is wracked with pain!
* * * LOW HITPOINT WARNING * * *
The bag of meat convulses! x4; The meat berserker convulses!
The bag of meat convulses! x2; The meat berserker convulses!
The bag of meat convulses! x13
You hear a shout!
The destroyer blinks!
A bag of meat comes into view. It is wielding a +9 war axe.
Some corpses begin to drag themselves along the ground!
Some corpses meld into an agglomeration of writhing flesh!
The meat berserker hits you with a +9 battleaxe!!!
You die...

.####.....##.#
#..............
#..........#.#.
#............... .
#..V...........
..o#.o.o.........
.oo.ooxoxV§......
.oDoVoO@§§.....%.
.oz.oOO#X§V....#
.#..ooo#§§x....#
o..oo###D§)...M###.
.xooo.))o)###......
..#%..))))._......
#.....D.#...%.#..
..o.%..O#_.<._#
#..o.Vzo#.....#


You could see an accursed, 2 eight-headed meat hydras, 4 destroyers, a sculptor
of flesh, a large abomination, 3 meat berserkers, 2 small abominations, 24 bags
of meat and 2 crawling corpses.

Vanquished Creatures
  2 greater mummies (D)
  8 vampire knights (D)
  20 ogres (D)
  3 two-headed ogres (D)
  40 orcs (D)
  2 skeletal warriors (D)
  A large abomination (D)
  7 small abominations (D)
  7 crawling corpses (D)
90 creatures vanquished.

Notes
Turn   | Place    | Note
-------+----------+-------------------------------------------
     0 | D        | Found the +∞ Axe of Woe
     0 | D        | Fang the Demonspawn Gladiator began the quest for the Orb.
     0 | D        | Reached XP level 1. HP: 16/16 MP: 1/1
     4 | D        | Became a worshipper of Makhleb the Destroyer
     4 | D        | Noticed a bag of meat
     5 | D        | Noticed a bag of meat
     6 | D        | Noticed a bag of meat
     6 | D        | Noticed a bag of meat
     6 | D        | Noticed a bag of meat
     8 | D        | Noticed a bag of meat
     8 | D        | Noticed a meat berserker
     8 | D        | Noticed a bag of meat
    10 | D        | Killed a bag of meat
    10 | D        | Gained mutation: You are partially covered in rugged brown
                  | scales. (AC +1, +3% HP) [demonic ancestry]
    10 | D        | Reached XP level 2. HP: 36/44 MP: 2/2
    10 | D        | Reached XP level 3. HP: 40/50 MP: 3/3
    10 | D        | Gained mutation: You are mostly covered in rugged brown
                  | scales. (AC +2, +5% HP) [demonic ancestry]
    10 | D        | Reached XP level 4. HP: 40/58 MP: 4/4
    10 | D        | Reached XP level 5. HP: 45/65 MP: 5/5
    10 | D        | Gained mutation: You have large cloven feet. [demonic
                  | ancestry]
    10 | D        | Reached XP level 6. HP: 50/72 MP: 6/6
    10 | D        | Reached XP level 7. HP: 55/78 MP: 7/7
    10 | D        | Reached XP level 8. HP: 60/86 MP: 8/8
    10 | D        | Reached XP level 9. HP: 64/92 MP: 9/9
    10 | D        | Gained mutation: Your flesh is heat resistant. (rF+)
                  | [demonic ancestry]
    10 | D        | Reached XP level 10. HP: 69/99 MP: 10/10
    10 | D        | Reached XP level 11. HP: 74/106 MP: 11/11
    10 | D        | Killed a bag of meat
    10 | D        | Reached * piety under Makhleb
    10 | D        | Reached skill level 15 in Axes
    10 | D        | Reached skill level 15 in Throwing
    10 | D        | Reached skill level 15 in Dodging
    10 | D        | Gained mutation: When hurt, damage is shared between your
                  | health and your magic reserves. [demonic ancestry]
    10 | D        | Reached XP level 12. HP: 83/118 MP: 12/12
    10 | D        | Noticed a meat berserker
    10 | D        | Noticed a bag of meat
    11 | D        | Killed a bag of meat
    11 | D        | Gained mutation: You have hoof-like feet. [demonic
                  | ancestry]
    11 | D        | Reached XP level 13. HP: 63/128 MP: 9/13
    11 | D        | Killed a bag of meat
    11 | D        | Reached XP level 14. HP: 69/139 MP: 9/14
    11 | D        | Killed a bag of meat
    11 | D        | Reached ** piety under Makhleb
    12 | D        | Killed a meat berserker
    12 | D        | Gained mutation: You are immune to clouds of flame.
                  | [demonic ancestry]
    12 | D        | Reached XP level 15. HP: 34/153 MP: 4/15
    14 | D        | Reached *** piety under Makhleb
    14 | D        | Gained mutation: You regenerate magic rapidly. [demonic
                  | ancestry]
    14 | D        | Reached XP level 16. HP: 87/164 MP: 4/16
    14 | D        | Killed a meat berserker
    15 | D        | Reached XP level 17. HP: 95/177 MP: 4/17
    16 | D        | Noticed a meat berserker
    18 | D        | Noticed a large bag of meat
    19 | D        | Reached **** piety under Makhleb
    20 | D        | Noticed a meat berserker
    21 | D        | Killed a meat berserker
    21 | D        | Reached skill level 27 in Fighting
    21 | D        | Reached XP level 18. HP: 191/191 MP: 6/18
    22 | D        | Reached skill level 27 in Axes
    22 | D        | Reached skill level 27 in Throwing
    22 | D        | Reached skill level 27 in Dodging
    22 | D        | Reached skill level 5 in Armour
    22 | D        | Reached skill level 5 in Unarmed Combat
    22 | D        | Reached skill level 5 in Spellcasting
    22 | D        | Reached ***** piety under Makhleb
    22 | D        | Noticed a large bag of meat
    22 | D        | Noticed a meat berserker
    23 | D        | Reached skill level 10 in Armour
    23 | D        | Reached skill level 10 in Unarmed Combat
    23 | D        | Reached skill level 10 in Spellcasting
    23 | D        | Gained mutation: You are completely covered in rugged brown
                  | scales. (AC +3, +7% HP) [demonic ancestry]
    23 | D        | Reached XP level 19. HP: 191/202 MP: 6/33
    23 | D        | Noticed a meat berserker
    25 | D        | Reached skill level 15 in Stealth
    26 | D        | Killed a meat berserker
    26 | D        | Noticed a destroyer
    27 | D        | Gained mutation: You are robust. (+10% HP) [demonic
                  | ancestry]
    27 | D        | Reached XP level 20. HP: 184/230 MP: 5/41
    27 | D        | Noticed a destroyer
    28 | D        | Killed a large bag of meat
    28 | D        | Noticed a meat berserker
    29 | D        | Reached ****** piety under Makhleb
    29 | D        | Killed a destroyer
    29 | D        | Reached skill level 27 in Invocations
    29 | D        | Gained mutation: Your demonic aura causes spilled blood to
                  | erupt in flames. [demonic ancestry]
    29 | D        | Reached XP level 21. HP: 238/238 MP: 6/46
    31 | D        | Gained mutation: You have hooves in place of feet. [demonic
                  | ancestry]
    31 | D        | Reached XP level 22. HP: 248/248 MP: 7/50
    33 | D        | Killed a large bag of meat
    33 | D        | Reached skill level 27 in Stealth
    34 | D        | Reached skill level 27 in Armour
    34 | D        | Reached skill level 27 in Unarmed Combat
    34 | D        | Reached skill level 27 in Spellcasting
    35 | D        | Noticed a destroyer
    35 | D        | Noticed a destroyer
    36 | D        | Killed a destroyer
    36 | D        | Reached XP level 23. HP: 256/256 MP: 8/54
    41 | D        | Noticed a destroyer
    42 | D        | Killed a destroyer
    42 | D        | Gained mutation: When low on magic, you restore magic in
                  | place of health. [demonic ancestry]
    42 | D        | Reached XP level 24. HP: 265/265 MP: 10/54
    44 | D        | Noticed a destroyer
    46 | D        | Killed a destroyer
    46 | D        | Gained mutation: You are very robust. (+20% HP) [demonic
                  | ancestry]
    46 | D        | Reached XP level 25. HP: 153/297 MP: 6/54
    46 | D        | Killed a destroyer
    48 | D        | Noticed an accursed
    48 | D        | Noticed a destroyer
    48 | D        | Noticed a large bag of meat
    48 | D        | Noticed an accursed
    49 | D        | Killed a destroyer
    49 | D        | Reached XP level 26. HP: 271/307 MP: 5/54
    52 | D        | Killed a destroyer
    52 | D        | Noticed a destroyer
    53 | D        | Gained mutation: You are extremely robust. (+30% HP)
                  | [demonic ancestry]
    53 | D        | Reached XP level 27. HP: 207/341 MP: 4/54
    56 | D        | Killed a destroyer
    57 | D        | Killed a large bag of meat
    59 | D        | Noticed an accursed
    60 | D        | Killed an accursed
    60 | D        | Noticed a destroyer
    60 | D        | Noticed a large bag of meat
    61 | D        | Noticed a destroyer
    61 | D        | Noticed a destroyer
    63 | D        | Killed an accursed
    63 | D        | Noticed a destroyer
    64 | D        | Noticed a destroyer
    64 | D        | Annihilated by a meat berserker

Skill      XL: |  1  2  3  4  5  6  7  8  9 10 11 12 13 14 15 16 17 18 19 20 21 22 |
---------------+-------------------------------------------------------------------+-----
Fighting       | 14 16 18 19 22 23 25 27 | 27.0
Axes           | 13 15 17 18 20 22 23 26 27 | 27.0
Throwing       | 13 15 16 18 20 21 23 26 27 | 27.0
Dodging        | 13 15 17 18 20 22 23 26 27 | 27.0
Armour         | 10 17 21 24 27 | 27.0
Stealth        | 11 18 22 26 27 | 27.0
Unarmed Combat | 10 17 21 24 27 | 27.0
Spellcasting   | 10 17 21 24 27 | 27.0
Invocations    | 14 22 27 | 27.0

Action                   |  1- 3 |  4- 6 |  7- 9 | 10-12 | 13-15 | 16-18 | 19-21 | 22-24 | 25-27 || total
-------------------------+-------+-------+-------+-------+-------+-------+-------+-------+-------++-------
Melee: Executioner's axe |     1 |       |       |     1 |     2 |     6 |     7 |    11 |    15 ||    43
Armor: Leather armour    |       |       |       |       |       |       |       |     1 |       ||     1
Dodge: Dodged            |       |       |       |       |       |     1 |     1 |     1 |     1 ||     4
